 Dungeon Crawl Stone Soup version 0.15-a0-2123-gb18dd36 (webtiles) character file.

36 Badjas the Sneak (level 3, 0/16 HPs)
             Began as a Vine Stalker Enchanter on July 16, 2014.
             Slain by an adder (2 damage)
             ... on Level 2 of the Dungeon.
             The game lasted 00:07:06 (968 turns).

Badjas the Sneak (Vine Stalker Enchanter)            Turns: 968, Time: 00:07:06

HP   0/16        AC  3     Str 10      XL: 3   Next: 37%
MP   0/7         EV 12     Int 15      God:
Gold 66          SH  0     Dex 15      Spells:  2 memorised,  4 levels left

rFire  . . .     SeeInvis .     a - +0 short sword (speed)
rCold  . . .     Clarity  .     g - +1 robe
rNeg   . . .     rCorr    .     (no shield)
rPois  .         rRot     +     (no helmet)
rElec  .         Spirit   +     (no cloak)
SustAb .         Warding  .     (no gloves)
rMut   .         Stasis   .     (no boots)
Gourm  .                        (no amulet)
MR     .....                    (no ring)
                                (no ring)

@: lethally poisoned, not resistant to hostile enchantments, fairly stealthy
A: fangs 2, regeneration 1, magic shield, antimagic bite, no device heal 3, rot
immunity
a: no special abilities


You were on level 2 of the Dungeon.
You were hungry.

You visited 1 branch of the dungeon, and saw 2 of its levels.

You collected 66 gold pieces.

Inventory:

Hand weapons
 a - a +0 short sword of speed (weapon)
 b - a +0 hunting sling
Missiles
 i - 26 sling bullets
Armour
 g - a +1 robe (worn)
Comestibles
 d - 2 bread rations
Scrolls
 e - a scroll of remove curse
 f - a scroll of identify
Books
 c - a book of Maledictions

   Spells                             Type                      Level
   *Corona                            Hexes                        1
   *Sure Blade                        Hexes/Charms                 2
   Ensorcelled Hibernation            Hexes/Ice                    2
   Confuse                            Hexes                        3
   Dazzling Spray                     Conjuration/Hexes            3
   Enslavement                        Hexes                        4


   Skills:
 + Level 0.1 Fighting
 + Level 1.0 Short Blades
 + Level 1.7 Dodging
 + Level 4.3 Stealth
 + Level 2.5 Spellcasting
 + Level 3.4 Hexes


You had 4 spell levels left.
You knew the following spells:

 Your Spells              Type           Power        Failure   Level  Hunger
a - Corona                Hex            ##.....      6%          1    #......
b - Sure Blade            Hex/Chrm       #.........   17%         2    ##.....


Dungeon Overview and Level Annotations

Branches:
Dungeon (2/15)

Altars:


Innate Abilities, Weirdness & Mutations

You have extremely sharp teeth.
Your natural rate of healing is unusually fast.
When hurt, damage is shared between your health and your magic reserves.
Your bite disrupts and absorbs the magic of your enemies.
Potions and wands cannot restore your health.
You are immune to rotting.


Message History

Unknown command.
Read which item? (? for menu, Esc to quit)
As you read the scroll labeled PSUUQO ZIADAGY, it crumbles to dust.
You feel blessed for a moment.
It was a scroll of remove curse.
The adder bites you.
* * * LOW HITPOINT WARNING * * *
You are poisoned.
The adder poisons you! The adder barely misses you.
Read which item? (? for menu, Esc to quit)
As you read the scroll labeled GETOG SKEUGH, it crumbles to dust.
It is a scroll of identify.
You don't have any unidentified items.
You feel sick. The adder bites you.
* * * LOW HITPOINT WARNING * * *
The bond with your blade fades away.
You closely miss the adder.
* * * LOW HITPOINT WARNING * * *
You feel sick. The adder barely misses you.
You closely miss the adder. The adder bites you.
You die...

.. #..♣♣ P....... .. #...♣
♣P..... .### #..P♣♣### ♣.....#
...## ##....##.# ♣.....# #
....###.....#.%.#♣P....#.#
.....##...P.##.##........#
.<...##...♣♣♣#'#♣♣....##.###
...........♣♣.S♣♣♣P........#
....####..P♣..♣S@P....##......
....# #......g............##
###.# #.....................
..# #####.....###......### ###
#####........##.##
#...#.######.# ... #.#..)# #.#
## #....%# #.# ##.....# ...


You could see 2 adders and a hobgoblin.

Vanquished Creatures
  An adder (D:2)
  An ooze (D:1)
  2 goblins (D:1)
  6 hobgoblins
  3 jackals (D:1)
  5 kobolds
  A quokka (D:2)
  4 bats
  A giant newt (D:1)
  A rat (D:1)
25 creatures vanquished.

Notes
Turn   | Place    | Note
--------------------------------------------------------------
     0 | D:1      | Badjas, the Vine Stalker Enchanter, began the quest for the Orb.
     0 | D:1      | Reached XP level 1. HP: 9/9 MP: 3/3
   186 | D:1      | Reached XP level 2. HP: 10/13 MP: 6/6
   190 | D:1      | Learned a level 2 spell: Sure Blade
   375 | D:1      | Reached skill level 4 in Stealth
   748 | D:1      | Reached XP level 3. HP: 16/16 MP: 7/7
   962 | D:2      | Reached skill level 1 in Short Blades
   968 | D:2      | Slain by an adder

Action                   || total
-------------------------++-------
Melee: Dagger            ||    82
       Short sword       ||    32
 Cast: Sure Blade        ||     4
  Use: Scroll            ||     2
       Potion            ||     1
 Stab: Sleeping          ||     1
